 Seeded DCSS version 0.30-a0-924-g0ad0bf95bc (webtiles) character file.

Game seed: 6288695233667593312 (custom seed)

2081 Darius099 the Ruffian (level 9, -5/89 HPs)
             Began as a Troll Monk on Mar 23, 2023.
             Was an Elder of Jiyva.
             Slain by an orc warlord
             ... wielding a +6 battleaxe
              (28 damage)
             ... in a bailey.
             The game lasted 00:10:39 (5226 turns).

Darius099 the Ruffian (Troll Monk)                  Turns: 5226, Time: 00:10:40

Health: -5/89      AC:  5    Str: 21    XL:     9   Next: 6%
Magic:  8/8        EV: 12    Int:  6    God:    Jiyva [****..]
Gold:   368        SH:  0    Dex: 16    Spells: 8/8 levels left

rFire   . . .      SeeInvis .      - Unarmed
rCold   . . .      Faith    .    (no shield)
rNeg    . . .      Spirit   .    a - +1 robe
rPois   +          Reflect  .    (helmet restricted)
rElec   .          Rampage  .    (no cloak)
rCorr   +                        (gloves unavailable)
Will    .....                    (boots unavailable)
Stlth   ++++                     (no amulet)
HPRegen 3.22/turn                (no ring)
MPRegen 0.51/turn                (no ring)

@: hasted, very quick
A: large, unfitting armour, claws 3, regeneration 2, shaggy fur 1, tough skin 1,
talons 2, camouflage 2, poison resistance, jelly absorbing missiles
a: Renounce Religion, Oozemancy, Slimify


You were in a bailey.
You worshipped Jiyva.
Jiyva was greatly pleased with you.
You visited 1 branch of the dungeon, and saw 7 of its levels.
You also visited: Sewer and Bailey.

You collected 368 gold pieces.

Inventory:

Armour
 a - a +1 robe (worn)
Jewellery
 h - a ring of flight
Wands
 w - a wand of digging (6)
Scrolls
 c - 2 scrolls of enchant armour
 f - a scroll of silence {unknown}
 i - 3 scrolls of enchant weapon
 k - 2 scrolls of vulnerability {unknown}
 l - a scroll of noise {unknown}
 n - a scroll of brand weapon {unknown}
 t - 2 scrolls of blinking {unknown}
 u - 2 scrolls of teleportation {unknown}
 y - a scroll of magic mapping {unknown}
Potions
 b - a potion of ambrosia
 d - 3 potions of curing {unknown}
 e - 2 potions of resistance {unknown}
 g - a potion of brilliance {unknown}
 j - a potion of haste
 o - 5 potions of mutation
 p - a potion of might {unknown}
 q - a potion of experience
 r - a potion of magic {unknown}
 s - a potion of heal wounds
 v - a potion of lignification {unknown}
 x - 2 potions of attraction
 z - 2 potions of invisibility {unknown}


   Skills:
 + Level 6.0 Fighting
 + Level 6.0 Dodging
 - Level 2.1 Stealth
 + Level 7.3 Unarmed Combat


You had 8 spell levels left.
You didn't know any spells.
Your spell library contained the following spells:

 Spells                   Type           Power      Damage    Failure   Level
 Sublimation of Blood     Necr           0%         N/A       58%         2
 Wereblood                Tmut           0%         N/A       58%         2
 Blade Hands              Tmut           0%         N/A       100%        5
 Irradiate                Conj/Tmut      0%         3d11      100%        5
 Dragon Form              Tmut           0%         N/A       100%        7
 Summon Hydra             Summ           0%         N/A       100%        7


Dungeon Overview and Level Annotations

Branches:
Dungeon (7/15)              Sewer (visited)          Bailey (1/1)
 Temple: D:4-7

Altars:
Ashenzari
Cheibriados
Dithmenos
Fedhas
Okawaru
Xom

Shops:
D:1 (   D:5 =   D:6 [


Innate Abilities, Weirdness & Mutations

You are too large for most types of armour.
You have claws for hands.
You heal very quickly.
You are covered in fur. (AC +1)
You have tough skin. (AC +1)
You have razor-sharp toenails.
Your skin blends seamlessly with your surroundings (Stealth++).
Your system is resistant to poisons. (rPois)
You have a small jelly attached to you that may absorb projectiles.


Message History

You barely miss the orc warlord. Your kick misses the orc warlord.
The orc warlord is heavily wounded.
You mangle the orc warlord!!
The orc warlord is heavily wounded.
The walls burn the orc warlord!
The orc warlord hits you with a +6 battleaxe!!
* * * LOW HITPOINT WARNING * * *
You are confused.
You feel invigorated.
You barely miss the orc warlord.
You claw the orc warlord, but do no damage.
The orc warlord is severely wounded.
The wall burns the orc warlord!
The orc warlord misses you.
Okay, then.
You claw the orc warlord! You claw the orc warlord.
The orc warlord is almost dead.
You barely miss the orc warlord. Your kick misses the orc warlord.
You claw the orc warlord, but do no damage.
The orc warlord is almost dead.
The wall burns the orc warlord!
The orc warlord hits you with a +6 battleaxe!!
* * * LOW HITPOINT WARNING * * *
You stop calling forth ooze.
You're too confused to move!
The orc warlord closely misses you.
You feel less invigorated.
You feel less confused.
You scratch the orc warlord.
The orc warlord is almost dead.
The orc warlord closely misses you.
You scratch the orc warlord.
The orc warlord is almost dead.
The orc warlord hits you with a +6 battleaxe!!
* * * LOW HITPOINT WARNING * * *
You barely miss the orc warlord.
The orc warlord is almost dead.
You scratch the orc warlord but do no damage.
You claw the orc warlord, but do no damage.
The orc warlord is almost dead.
The orc warlord hits you with a +6 battleaxe!!
You die...

.~~~.##.........##.~~~...♣♣
.~~~.#~....∩....~#.~(~.).∩♣
.~~~(#~.........~#.~(~...♣♣
.~~~.#~~.8...8.~~#.~~~...♣
.###(###.......###'###..♣♣
##....#~.8...8.~#.)).##.♣
#.....#~~~~~~~~~#.))..##♣
.....)####~~)####......##
..8......#'''#..@...8...#
......((........o.......#
........)...............#
..8..8..)).......8..8..##
#.......#######.......##
##.....## ##.....## ##...##
##...## ##### #####


You could see an orc warlord.

Vanquished Creatures
  The ghost of Darius099 the Shooter, an amateur BaHu (D:4)
  A wyvern (D:7)
  A sky beast (D:7)
  5 orc warriors (Bailey)
  An ogre (D:5)
  A phantom (D:6)
  A gnoll sergeant (D:6)
  8 scorpions
  A jelly (Sewer)
  An orc priest (D:6)
  2 hounds (D:5)
  2 gnoll boudas
  2 iguanas
  An orc wizard (D:4)
  11 gnolls
  7 adders
  3 river rats (Sewer)
  A shadow imp (D:7)
  4 ufetubi
  3 worms
  4 dart slugs
  15 orcs
  12 ball pythons
  16 bats
  13 endoplasms
  7 giant cockroaches
  8 goblins
  17 hobgoblins
  13 jackals
  8 quokkas
  7 frilled lizards
  19 kobolds
  7 rats
203 creatures vanquished.

Vanquished Creatures (others)
  A bullfrog (D:7)
  7 jellies
  A gnoll bouda (D:6)
  An iguana (D:6)
  A sleepcap (D:6)
  3 gnolls
  An ufetubus (D:6)
  An orc (D:5)
  A goblin (D:4)
  A jackal (D:4)
  A quokka (D:4)
  A ball python (D:4)
  4 fungi (D:6)
  30 plants
54 creatures vanquished.

Grand Total: 257 creatures vanquished

Notes
Turn   | Place    | Note
-------+----------+-------------------------------------------
     0 | D:1      | Darius099 the Troll Monk began the quest for the Orb.
     0 | D:1      | Reached XP level 1. HP: 22/22 MP: 0/0
   136 | D:1      | Reached XP level 2. HP: 29/29 MP: 1/1
   637 | D:2      | Reached XP level 3. HP: 35/36 MP: 2/2
   990 | D:2      | Reached XP level 4. HP: 44/44 MP: 3/3
  1101 | D:2      | Found a shadowy altar of Dithmenos.
  1594 | D:3      | Found a broken altar of Ashenzari.
  1764 | D:3      | Found a glowing drain.
  1818 | Sewer    | Entered a sewer
  1858 | Sewer    | Reached XP level 5. HP: 53/53 MP: 4/4
  1962 | Sewer    | Found a viscous altar of Jiyva.
  1969 | Sewer    | Reached skill level 4 in Unarmed Combat
  2007 | Sewer    | Became a worshipper of Jiyva Juedacro the Shapeless
  2007 | Sewer    | Reached * piety under Jiyva
  2007 | Sewer    | Reached ** piety under Jiyva
  2603 | D:4      | Reached XP level 6. HP: 61/61 MP: 5/5
  2782 | D:4      | Found a large runed translucent door.
  2782 | D:4      | Found a large runed translucent door.
  2790 | D:4      | Reached *** piety under Jiyva
  2950 | D:4      | Gained mutation: You heal very quickly. [Jiyva's grace]
  2950 | D:4      | Gained mutation: You regenerate. [Jiyva's grace]
  2950 | D:4      | Gained mutation: You have sharp toenails. [Jiyva's grace]
  2950 | D:4      | Gained mutation: You have razor-sharp toenails. [Jiyva's
                  | grace]
  3019 | D:4      | Noticed Darius099's ghost (amateur BaHu)
  3027 | D:4      | Killed Darius099's ghost
  3063 | D:5      | Entered Level 5 of the Dungeon
  3164 | D:5      | Reached XP level 7. HP: 68/68 MP: 6/6
  3255 | D:5      | Reached skill level 5 in Unarmed Combat
  3306 | D:5      | Found Ycapnecw's Jewellery Shop.
  3452 | D:5      | Found an iron altar of Okawaru.
  3471 | D:5      | Found a shimmering altar of Xom.
  3745 | D:5      | Reached **** piety under Jiyva
  3902 | D:5      | Found a snail-covered altar of Cheibriados.
  3994 | D:6      | Found a blossoming altar of Fedhas.
  4119 | D:6      | Reached XP level 8. HP: 79/79 MP: 7/7
  4136 | D:6      | Found the +11 Singing Sword {sonic wave}
  4189 | D:6      | Reached skill level 5 in Dodging
  4189 | D:6      | Reached skill level 6 in Unarmed Combat
  4196 | D:6      | Reached skill level 5 in Fighting
  4199 | D:6      | Found Hotwuysh's Armour Shop.
  4748 | D:6      | Reached ***** piety under Jiyva
  4759 | D:6      | Lost mutation: You regenerate. [Jiyva's grace]
  4759 | D:6      | Gained mutation: You have a small jelly attached to you
                  | that may absorb projectiles. [Jiyva's grace]
  4759 | D:6      | Gained mutation: Your system is resistant to poisons.
                  | (rPois) [Jiyva's grace]
  4759 | D:6      | Gained mutation: Your skin changes colour to match your
                  | surroundings (Stealth+). [Jiyva's grace]
  4759 | D:6      | Gained mutation: Your skin blends seamlessly with your
                  | surroundings (Stealth++). [Jiyva's grace]
  4968 | D:7      | Found a flagged portal.
  4982 | D:7      | Identified the +4 hand axe of Gozag's Respect {pain, SInv}
  4985 | Bailey   | Entered a bailey
  4990 | Bailey   | Noticed an orc warlord
  5041 | Bailey   | Reached skill level 7 in Unarmed Combat
  5059 | Bailey   | Found a runed translucent gate.
  5062 | Bailey   | Found a runed translucent gate.
  5064 | Bailey   | Found a runed translucent gate.
  5091 | Bailey   | Reached XP level 9. HP: 83/89 MP: 8/8
  5206 | Bailey   | HP: 3/89 [orc warlord/+6 battleaxe (30)]
  5226 | Bailey   | Slain by an orc warlord

Illustrated notes

Levels and vault maps discovered:
D:1:      minmay_arrival_five_plusses, layout_loops_ring, serial_shops, shop
D:2:      layout_loops_corners, serial_bayou, serial_bayou_lagoon_a,
          serial_bayou_pond_d, serial_bayou_pond_c, serial_bayou_pond_d,
          serial_bayou_ford_a, serial_bayou_pond_d, basic_altar,
          minmay_tetromino_s4
D:3:      layout_loops_ring, overflow_temple_1_default,
          cheibrodos_sewer_entry_sluice, saegor_snake_ambush
D:4:      layout_basic, ebering_ghost_disaster_area, minmay_splitting_lines
D:5:      layout_basic, nicolae_overflow_hidden_temple, serial_shops,
          nicolae_stop_n_shop_2
D:6:      old_forge, layout_gridville, mainiacjoe_overflow_tiny_flanked,
          serial_shops, nicolae_take_the_stairs, serial_glass, glass_columns_a,
          glass_columns_c, hex_large, nicolae_grassy_gnolls
D:7:      layout_rooms, minmay_temple_entry_enclosed_plants, enter_bailey_2
Bailey:   bailey_axe_bossmonster_kennysheep, bailey

Skill      XL: |  1  2  3  4  5  6  7  8 |
---------------+-------------------------+-----
Dodging        | 3 4 6 |  6.0
Fighting       | 3 4 6 |  6.0
Unarmed Combat | 4 5 7 |  7.3
Stealth        | 2 |  2.1

Action                     |  1- 3 |  4- 6 |  7- 9 || total
---------------------------+-------+-------+-------++-------
  Melee: Unarmed           |    95 |   201 |   225 ||   521
         Punch             |     2 |     5 |    10 ||    17
         Kick              |       |     2 |    53 ||    55
 Invoke: Oozemancy         |       |       |     1 ||     1
    Use: Scroll            |       |       |     6 ||     6
         Potion            |       |       |     3 ||     3
   Stab: Sleeping          |     4 |    10 |     5 ||    19
         Distracted        |       |     1 |     2 ||     3
 Armour: Robe              |    23 |    46 |    53 ||   122
  Dodge: Dodged            |    33 |    83 |   147 ||   263

Table legend: (Time is in decaauts)
 A = Elapsed time spent in this place.
 B = Non-inter-level travel time spent in this place.
 C = Inter-level travel time spent in this place.
 D = Time resting spent in this place.
 E = Time spent auto-exploring this place.
 F = Levels seen in this place.
 G = Mean time per level.
                   A        B        C        D        E       F      G
               +--------+--------+--------+--------+--------+-----+--------+
         Total |   5169 |   4966 |    203 |     24 |   3657 |   9 |  574.3 |
       Dungeon |   4691 |   4488 |    203 |     24 |   3504 |   7 |  670.1 |
         Sewer |    252 |    252 |      0 |      0 |    123 |   1 |  252.0 |
        Bailey |    224 |    224 |      0 |      0 |     30 |   1 |  224.0 |
               +--------+--------+--------+--------+--------+-----+--------+

Top non-repeatable levels by time:
     D:2: 927 daAuts
     D:5: 910 daAuts
     D:6: 863 daAuts
     D:3: 714 daAuts
     D:1: 593 daAuts
     D:4: 552 daAuts
   Sewer: 252 daAuts
  Bailey: 224 daAuts
     D:7: 129 daAuts
